 Dungeon Crawl Stone Soup version 0.30-a0-360-g447f08457e (webtiles) character file.

Game seed: 8186502102680476521

117 MudFish the Sneak (level 5, -1/38 HPs)
             Began as a Merfolk Brigand on Nov 13, 2022.
             Slain by an ogre
             ... wielding a +0 giant spiked club
              (10 damage)
             ... on level 4 of the Dungeon.
             The game lasted 00:06:29 (2708 turns).

MudFish the Sneak (Merfolk Brigand)                 Turns: 2708, Time: 00:06:29

Health: -1/38      AC:  7    Str: 11    XL:     5   Next: 1%
Magic:  5/5        EV: 13    Int: 10    God:
Gold:   89         SH:  5    Dex: 18    Spells: 4/4 levels left

rFire   . . .      SeeInvis .    a - +3 dagger
rCold   . . .      Faith    .    (no shield)
rNeg    + . .      Spirit   .    h - +2 robe {rN+}
rPois   .          Reflect  +    (no helmet)
rElec   .          Harm     .    C - +2 cloak
rCorr   .          Rampage  .    (no gloves)
Will    .....                    (no boots)
Stlth   +++.......               y - amulet of reflection
HPRegen 0.26/turn                (no ring)
MPRegen 0.09/turn                (no ring)

@: no status effects
A: (nimble swimmer 2), mertail
a: no special abilities


You were on level 4 of the Dungeon.
You visited 1 branch of the dungeon, and saw 4 of its levels.

You collected 89 gold pieces.

Inventory:

Hand Weapons
 a - a +3 dagger (weapon)
Missiles
 d - 10 poisoned darts (quivered)
 e - 3 curare-tipped darts
 n - 9 boomerangs
 q - 5 javelins
Armour
 b - a +1 robe
 c - a +0 cloak
 h - a +2 robe of positive energy (worn)
 i - a +0 leather armour
 l - a +0 leather armour
 p - a +0 plate armour
 C - a +2 cloak (worn)
Jewellery
 k - an amulet of magic regeneration
 y - an amulet of reflection (around neck)
Wands
 m - a wand of polymorph (7)
Scrolls
 g - 3 scrolls of teleportation
 j - a scroll of blinking
 u - a scroll of vulnerability
Potions
 f - 4 potions of curing
 r - a potion of mutation
 t - 4 potions of brilliance


   Skills:
 - Level 2.1 Fighting
 + Level 3.4 Short Blades
 - Level 2.0 Throwing
 * Level 2.4 Dodging
 + Level 6.2 Stealth


You had 4 spell levels left.
You didn't know any spells.
Your spell library was empty.

Dungeon Overview and Level Annotations

Branches:
Dungeon (4/15)
 Temple: D:4-7

Altars:


Innate Abilities, Weirdness & Mutations

((You are very nimble when in or above water. (Stealth+, EV+, Speed+++)))
Your lower body shifts to a powerful aquatic tail in water.


Message History

The ogre looks more healthy.
Throw: 13 darts (poison)
Press: ? - help, Q - select action, (/) - cycle Shift-Dir - straight line, f/p - ogre
Aim: an ogre, wielding a +0 giant spiked club (heavily wounded, 77% to hit)
You throw a poisoned dart.
The poisoned dart barely misses the ogre.
Throw: 12 darts (poison)
Press: ? - help, Q - select action, (/) - cycle Shift-Dir - straight line, f/p - ogre
Aim: an ogre, wielding a +0 giant spiked club (heavily wounded, 77% to hit)
You throw a poisoned dart. The poisoned dart hits the ogre.
The ogre is poisoned.
The ogre is heavily wounded.
The ogre closely misses you. The ball python completely misses you.
The ball python grabs you. The ball python constricts you.
The ball python's grasp on you weakens, but your attempt to escape fails.
The ball python barely misses you. The ball python constricts you.
The ogre barely misses you.
You escape the ball python's grasp.
The ball python attacks as you move away!
The ball python closely misses you. x2
The ogre looks more healthy.
The ball python bites you but does no damage.
The ball python closely misses you.
The ogre hits you with a +0 giant spiked club!!
Ouch! That really hurt!
* * * LOW HITPOINT WARNING * * *
The ball python attacks as you move away!
The ball python bites you but does no damage.
You block the ball python's attack. The ogre barely misses you.
You block the ball python's attack. The ball python misses you.
Throw: 11 darts (poison)
Press: ? - help, Q - select action, (/) - cycle Shift-Dir - straight line, f/p - ogre
Aim: an ogre, wielding a +0 giant spiked club (severely wounded, 77% to hit)
You throw a poisoned dart. The poisoned dart hits the ball python.
The ball python is poisoned.
The ball python bites you but does no damage.
You block the ball python's attack. The ball python barely misses you.
The ball python closely misses you.
The ogre hits you with a +0 giant spiked club!
You die...

#... ######### #..#
#.......#.####..#
#...†.(.# .....# ####
#....)..#####..###...
#................'...
#..........##.####..)
#..SO......##.# #...
#[..@......#..# ####
######(###...##
#.###.### #.#...#
#.#[### #####.#.#
#.......# ###+###.#.#
#.......#.#


You could see an ogre and a ball python (poisoned).

Vanquished Creatures
  A hound (D:4)
  An adder (D:2)
  A worm (D:2)
  3 dart slugs
  2 orcs
  4 bats
  3 endoplasms
  7 giant cockroaches
  4 goblins
  6 hobgoblins
  13 jackals
  2 quokkas
  6 ball pythons
  2 frilled lizards
  2 kobolds (D:2)
  2 rats
59 creatures vanquished.

Vanquished Creatures (others)
  2 plants (D:1)
2 creatures vanquished.

Grand Total: 61 creatures vanquished

Notes
Turn   | Place    | Note
-------+----------+-------------------------------------------
     0 | D:1      | MudFish the Merfolk Brigand began the quest for the Orb.
     0 | D:1      | Reached XP level 1. HP: 16/16 MP: 1/1
   196 | D:1      | Reached XP level 2. HP: 19/22 MP: 2/2
   319 | D:1      | Reached skill level 5 in Stealth
   590 | D:1      | Reached XP level 3. HP: 26/27 MP: 3/3
  1371 | D:2      | Reached skill level 6 in Stealth
  1490 | D:2      | Reached XP level 4. HP: 33/33 MP: 4/4
  2251 | D:3      | Identified the +7 whip "Sixo" {freeze, rElec MP+9 Dex+2
                  | Stlth-}
  2639 | D:4      | Reached XP level 5. HP: 34/38 MP: 5/5
  2672 | D:4      | Noticed an ogre
  2708 | D:4      | Slain by an ogre

Illustrated notes

Levels and vault maps discovered:
D:1:      mainiacjoe_arrival_reflecting_pool, layout_basic, serial_bayou_pond_a
D:2:      layout_basic
D:3:      layout_loops_ring, kennysheep_generic_room_15
D:4:      minmay_chambers_of_twos, layout_basic,
          chequers_temple_overflow_minitemple, uniq_eustachio

Skill      XL: |  1  2  3  4 |
---------------+-------------+-----
Stealth        | 5 6 |  6.2
Short Blades   | 3 |  3.4
Dodging        | 2 |  2.4
Fighting       | |  2.1
Throwing       | |  2.0

Action                   |  1- 3 |  4- 6 || total
-------------------------+-------+-------++-------
Melee: Dagger            |   121 |    60 ||   181
       Tailslap          |     2 |       ||     2
Throw: Dart              |     2 |     5 ||     7
  Use: Scroll            |       |    11 ||    11
       Potion            |       |     3 ||     3
 Stab: Sleeping          |     7 |     7 ||    14
Armor: Robe              |    41 |    20 ||    61
Dodge: Dodged            |    95 |    33 ||   128
Block: Other             |       |     6 ||     6

Table legend: (Time is in decaauts)
 A = Elapsed time spent in this place.
 B = Non-inter-level travel time spent in this place.
 C = Inter-level travel time spent in this place.
 D = Time resting spent in this place.
 E = Time spent auto-exploring this place.
 F = Levels seen in this place.
 G = Mean time per level.
                   A        B        C        D        E       F      G
               +--------+--------+--------+--------+--------+-----+--------+
         Total |   2651 |   2552 |     99 |    116 |   1777 |   4 |  662.8 |
       Dungeon |   2651 |   2552 |     99 |    116 |   1777 |   4 |  662.8 |
               +--------+--------+--------+--------+--------+-----+--------+

Top non-repeatable levels by time:
     D:1: 973 daAuts
     D:2: 935 daAuts
     D:3: 627 daAuts
     D:4: 115 daAuts
